 Dungeon Crawl Stone Soup version 0.21.1-1-g345015f (webtiles) character file.

3676 aMcNicky the Grappler (level 9, -2/138 HPs)
             Began as a Troll Berserker on Mar 5, 2018.
             Was a High Priest of Trog.
             Slain by a sixfirhy (9 damage)
             ... on level 2 of the Abyss.
             The game lasted 00:15:14 (5846 turns).

aMcNicky the Grappler (Troll Berserker)             Turns: 5846, Time: 00:15:15

Health: -2/138     AC:  5    Str: 32    XL:     9   Next: 89%
Magic:  8/8        EV: 12    Int:  4    God:    Trog [*****.]
Gold:   93         SH:  0    Dex: 11    Spells: 8/8 levels left

rFire    . . .     SeeInvis .     - Unarmed
rCold    + . .     Gourm    +   (no shield)
rNeg     . . .     Faith    .   a - +0 animal skin
rPois    +         Spirit   .   (helmet restricted)
rElec    .         Reflect  .   (no cloak)
rCorr    .         Harm     .   (gloves unavailable)
MR       .....                  (boots unavailable)
Stlth    ..........             A - amulet of rage
HPRegen  0.73/turn              F - ring of protection from cold
MPRegen  0.11/turn              r - ring of poison resistance

@: berserking, very quick
A: large, unfitting armour, claws 3, fast metabolism 3, gourmand, regeneration
1, shaggy fur 1, tough skin 2
a: Berserk, Trog's Hand, Brothers in Arms, Burn Spellbooks, Renounce Religion,
Evoke Berserk Rage


You were on level 2 of the Abyss.
You worshipped Trog.
Trog was extremely pleased with you.
You were not hungry.

You visited 1 branch of the dungeon, and saw 8 of its levels.
You visited the Abyss 1 time.
You also visited: Sewer.

You collected 331 gold pieces.
You spent 238 gold pieces at shops.

Inventory:

Armour
 a - a +0 animal skin (worn)
Jewellery
 r - a ring of poison resistance (right claw)
 y - a +2 ring of intelligence
 A - an amulet of rage (around neck)
 F - a ring of protection from cold (left claw)
Wands
 m - a wand of flame (36)
 D - a wand of iceblast (15)
 E - a wand of polymorph (11)
Scrolls
 c - 5 scrolls of remove curse {@r2}
 f - 2 scrolls of amnesia {unknown}
 g - a scroll of enchant armour {unknown}
 i - 2 scrolls of immolation {unknown}
 j - 5 scrolls of identify {unknown}
 k - a scroll of enchant weapon {unknown}
 l - 2 scrolls of magic mapping {unknown}
 q - 3 scrolls of teleportation {unknown}
 s - a scroll of random uselessness {unknown}
 v - a scroll of noise {unknown}
Potions
 e - 2 potions of resistance {unknown}
 h - a potion of degeneration {unknown}
 n - a potion of flight {unknown}
 o - a potion of agility {unknown}
 p - 2 potions of lignification {unknown}
 t - a potion of heal wounds {unknown}
 u - 2 potions of cancellation {unknown}
 w - a potion of berserk rage {unknown}
 x - a potion of magic {unknown}
 z - a potion of might {unknown}
 C - a potion of brilliance {unknown}
Books
 d - a book of Cantrips

   Spells                             Type                      Level
   a - Confusing Touch                Hexes                        1
   b - Animate Skeleton               Necromancy                   1
   c - Summon Small Mammal            Summoning                    1
   d - Apportation                    Translocation                1
   Trog disapproves of the use of such an item.
 B - a book of Changes

   Spells                             Type                      Level
   a - Beastly Appendage              Transmutation                1
   b - Sticks to Snakes               Transmutation                2
   c - Spider Form                    Transmutation/Poison         3
   d - Ice Form                       Ice/Transmutation            4
   e - Blade Hands                    Transmutation                5
   Trog disapproves of the use of such an item.
Comestibles
 b - 15 rations


   Skills:
 + Level 6.4 Fighting
 + Level 6.4 Dodging
 * Level 10.5 Unarmed Combat


You had 8 spell levels left.
You didn't know any spells.

Dungeon Overview and Level Annotations

Branches:
Dungeon (8/15)             Temple (0/1) D:5
   Lair: D:8-11

Altars:
Ashenzari
Cheibriados
Gozag
Qazlal

Shops:
D:7 =

Annotations:
D:8 Psyche


Innate Abilities, Weirdness & Mutations

You are too large for most types of armour.
You have claws for hands.
Your metabolism is lightning-fast.
You like to eat raw meat.
Your natural rate of healing is unusually fast.
You are covered in fur. (AC +1)
You have very tough skin. (AC +2)


Message History

* * * LOW HITPOINT WARNING * * *
Found a robe.
Found a gateway leading deeper into the Abyss.
A small abomination comes into view.
A sixfirhy comes into view.
The sixfirhy hits you.
* * * LOW HITPOINT WARNING * * *
The sixfirhy shocks you!
* * * LOW HITPOINT WARNING * * *
The small abomination misses you.
A red film seems to cover your vision as you go berserk!
You feel yourself moving faster!
You feel mighty!
You feel quite a bit more hungry. The sixfirhy hits you.
* * * LOW HITPOINT WARNING * * *
The sixfirhy shocks you!
* * * LOW HITPOINT WARNING * * *
The sixfirhy hits you.
* * * LOW HITPOINT WARNING * * *
The sixfirhy shocks you!
You die...

.. ... .. #.#
##.## #.#
...###...###...
..#.>...#..
.........
#.....# #x.3#
##@## .# ##...##
...# #.....#..
.. #
#ยง....#.....
#....#.....#...#
#.#.#.#......#
#..###....#.##
#.. .##3.#.#..
#......#..#[.#


You could see a sixfirhy, a smoke demon and a small abomination.

Vanquished Creatures
  A two-headed ogre (D:8)
  The ghost of letownia2 the Conjurer, a novice TeWz of Cheibriados (D:6)
  A hippogriff (D:7)
  Sigmund (D:6)
  The ghost of letownia2 the Conjurer, an amateur TeCj (D:4)
  An orc warrior (D:7)
  An ice beast (D:6)
  2 sky beasts (D:6)
  A phantom (D:5)
  4 ogres
  2 centaurs
  4 bullfrogs
  4 killer bees (D:7)
  A howler monkey (D:7)
  2 crimson imps
  A centaur zombie (D:7)
  A quasit (D:7)
  A jelly (D:6)
  An orc priest (D:4)
  2 orc wizards
  A centaur skeleton (D:4)
  A hound (D:4)
  A bullfrog skeleton (D:5)
  A gnoll shaman (D:5)
  3 worker ants
  An iguana (D:5)
  2 hound skeletons
  5 gnolls (D:5)
  16 adders
  3 river rats (D:4)
  A shadow imp (D:5)
  10 oozes (Sewer)
  An adder skeleton (D:5)
  2 worms
  2 dart slugs
  11 leopard geckos
  14 orcs
  16 giant cockroaches
  2 goblins
  6 hobgoblins
  8 jackals
  4 quokkas
  11 ball pythons
  8 bats
  10 frilled lizards
  6 kobolds
  A leopard gecko skeleton (D:5)
  A quokka zombie (D:6)
  5 rats
186 creatures vanquished.

Notes
Turn   | Place    | Note
-------+----------+-------------------------------------------
     0 | D:1      | aMcNicky the Troll Berserker began the quest for the Orb.
     0 | D:1      | Reached XP level 1. HP: 22/22 MP: 0/0
   254 | D:1      | Reached XP level 2. HP: 29/29 MP: 1/1
   724 | D:2      | Reached XP level 3. HP: 31/36 MP: 2/2
   892 | D:2      | Reached ** piety under Trog
  1262 | D:2      | Reached skill level 4 in Unarmed Combat
  1262 | D:2      | Reached XP level 4. HP: 29/44 MP: 3/3
  1866 | D:3      | Found a snail-covered altar of Cheibriados.
  2100 | D:3      | Reached XP level 5. HP: 53/53 MP: 4/4
  2300 | D:4      | Noticed letownia2's ghost (amateur TeCj)
  2309 | D:4      | Killed letownia2's ghost
  2309 | D:4      | Reached skill level 5 in Unarmed Combat
  2309 | D:4      | Reached XP level 6. HP: 39/61 MP: 5/5
  2423 | D:4      | Found a shattered altar of Ashenzari.
  2560 | D:4      | Found a glowing drain.
  2567 | Sewer    | Entered a sewer
  2617 | Sewer    | Reached *** piety under Trog
  2793 | Sewer    | Reached skill level 6 in Unarmed Combat
  2869 | Sewer    | Reached XP level 7. HP: 65/68 MP: 6/6
  3080 | D:4      | Reached **** piety under Trog
  3405 | D:5      | Entered Level 5 of the Dungeon
  3651 | D:5      | Reached skill level 7 in Unarmed Combat
  3659 | D:5      | Found an opulent altar of Gozag.
  3701 | D:5      | Reached XP level 8. HP: 70/79 MP: 7/7
  4068 | D:5      | Found a staircase to the Ecumenical Temple.
  4339 | D:6      | Reached skill level 8 in Unarmed Combat
  4414 | D:6      | Reached skill level 5 in Fighting
  4414 | D:6      | Reached skill level 5 in Dodging
  4500 | D:6      | Noticed Sigmund
  4508 | D:6      | Killed Sigmund
  4598 | D:6      | Noticed letownia2's ghost (novice TeWz)
  4624 | D:6      | Killed letownia2's ghost
  4624 | D:6      | Reached skill level 9 in Unarmed Combat
  4624 | D:6      | Reached XP level 9. HP: 88/88 MP: 8/8
  5013 | D:7      | Reached ***** piety under Trog
  5569 | D:7      | Found Ykhac's Jewellery Shop.
  5577 | D:7      | Bought a cursed ring of poison resistance for 238 gold pieces
  5614 | D:7      | Found a shattered altar of Ashenzari.
  5614 | D:7      | Found a stormy altar of Qazlal.
  5686 | D:8      | Noticed a two-headed ogre
  5697 | D:8      | Killed a two-headed ogre
  5697 | D:8      | Reached skill level 10 in Unarmed Combat
  5778 | D:8      | Noticed Psyche
  5787 | D:8      | Cast into level 2 of the Abyss (Psyche)
  5800 | Abyss:2  | Noticed a smoke demon
  5845 | Abyss:2  | Noticed a sixfirhy
  5846 | Abyss:2  | Slain by a sixfirhy

Skill      XL: |  1  2  3  4  5  6  7  8  9 |
---------------+----------------------------+-----
Unarmed Combat | 4 5 6 7 9 10 | 10.5
Fighting       | 3 4 5 6 |  6.4
Dodging        | 3 4 5 6 |  6.4

Action                   |  1- 3 |  4- 6 |  7- 9 || total
-------------------------+-------+-------+-------++-------
Melee: Unarmed           |    91 |   195 |   271 ||   557
       Punch             |       |     5 |    10 ||    15
Invok: Berserk           |       |     3 |     8 ||    11
  Use: Scroll            |       |       |     3 ||     3
 Stab: Sleeping          |     1 |     1 |       ||     2
  Eat: Chunk             |    15 |    20 |    29 ||    64
Armor: Animal skin       |    35 |    61 |    82 ||   178
Dodge: Dodged            |    43 |    92 |   154 ||   289
